 Dungeon Crawl Stone Soup version 0.30-a0-860-g512cf1e979 (webtiles) character file.

Game seed: 15038942055765202086

9332 Hubris850 the Cruncher (level 11, -7/72 HPs)
             Began as a Demonspawn Gladiator on Mar 7, 2023.
             Was a High Priest of Wu Jian.
             Mangled by a two-headed ogre
             ... wielding a +0 giant club
              (13 damage)
             ... on level 10 of the Dungeon.
             The game lasted 00:36:44 (9296 turns).

Hubris850 the Cruncher (Demonspawn Gladiator)       Turns: 9296, Time: 00:36:44

Health: -7/72      AC: 15    Str: 16    XL:     11   Next: 21%
Magic:  0/22       EV: 13    Int: 12    God:    Wu Jian [*****.]
Gold:   147        SH:  0    Dex: 15    Spells: 15/24 levels left

rFire   + . .      SeeInvis .    x - +2 quarterstaff (chaos)
rCold   . . .      Faith    .    (shield currently unavailable)
rNeg    . . .      Spirit   +    R - +0 steam dragon scales
rPois   .          Reflect  .    c - +0 helmet
rElec   .          Rampage  .    O - +0 cloak
rCorr   .                        l - +0 pair of gloves
Will    .....                    (no boots)
Stlth   ++                       N - amulet of the acrobat
HPRegen 0.32/turn                j - ring of protection from fire
MPRegen 0.36/turn                (no ring)

@: sanguine armoured, studying Stealth
A: hooves 1, magic shield, magic regeneration, sanguine armour 1
a: Renounce Religion, Wall Jump, Serpent's Lash, Heavenly Storm


You were on level 10 of the Dungeon.
You worshipped Wu Jian.
Wu Jian was extremely pleased with you.
You visited 1 branch of the dungeon, and saw 10 of its levels.
You also visited: Sewer and Ossuary.

You collected 483 gold pieces.
You spent 336 gold pieces at shops.

Inventory:

Hand Weapons
 a - a +0 quarterstaff
 e - a +2 short sword of venom
 x - a +2 quarterstaff of chaos (weapon)
Missiles
 d - 3 throwing nets
 f - 6 silver javelins
 i - 35 poisoned darts (quivered)
 s - a javelin
 F - 4 curare-tipped darts
 Q - 11 boomerangs
Armour
 b - a +0 leather armour
 c - a +0 helmet (worn)
 k - a +1 chain mail of poison resistance
 l - a +0 pair of gloves (worn)
 y - a +0 cloak
 z - a +0 pair of boots
 O - a +0 cloak (worn)
 R - +0 steam dragon scales (worn)
Magical Staves
 V - a staff of earth
 W - a staff of poison
Jewellery
 j - a ring of protection from fire (left hand)
 J - an amulet of guardian spirit
 N - an amulet of the acrobat (around neck)
Wands
 p - a wand of roots (24)
 C - a wand of flame (10)
 L - a wand of paralysis (11)
Scrolls
 h - 4 scrolls of poison
 m - 6 scrolls of teleportation
 n - a scroll of enchant armour
 o - 3 scrolls of brand weapon {unknown}
 q - 2 scrolls of amnesia {unknown}
 t - 2 scrolls of vulnerability
 u - 4 scrolls of noise {unknown}
 E - a scroll of magic mapping {unknown}
 I - a scroll of torment {unknown}
 M - 3 scrolls of immolation {unknown}
 P - a scroll of acquirement {unknown}
 S - a scroll of enchant weapon {unknown}
 U - a scroll of fear {unknown}
 X - a scroll of silence {unknown}
Potions
 g - 4 potions of lignification
 r - 3 potions of invisibility
 v - a potion of flight
 w - 3 potions of brilliance
 A - 2 potions of heal wounds
 B - 3 potions of curing
 D - 3 potions of cancellation {unknown}
 G - 2 potions of might
 H - 2 potions of haste {unknown}
 K - 3 potions of mutation
 T - a potion of ambrosia {unknown}


   Skills:
 - Level 2.0 Fighting
 + Level 11.3 Staves
 - Level 1.7 Throwing
 - Level 4.0 Armour
 - Level 4.0 Dodging
 - Level 1.3 Stealth
 + Level 7.4 Spellcasting
 + Level 4.6 Ice Magic
 - Level 6.1 Poison Magic


You had 15 spell levels left.
You knew the following spells:

 Your Spells              Type           Power      Damage    Failure   Level
a - Poisonous Vapours     Pois/Air       22%        N/A       7%          2
b - Olgreb's Toxic Radia  Pois           19%        N/A       12%         4
c - Frozen Ramparts       Ice            30%        1d5       7%          3

Your spell library contained the following spells:

 Spells                   Type           Power      Damage    Failure   Level
 Sting                    Tmut/Pois      44%        1d5       4%          1
 Sublimation of Blood     Necr           4%         N/A       24%         2
 Ice Form                 Ice/Tmut       10%        N/A       52%         4
 Summon Ice Beast         Ice/Summ       10%        N/A       52%         4
 Petrify                  Tmut/Erth      4%         N/A       83%         4
 Irradiate                Conj/Tmut      2%         3d12      99%         5


Dungeon Overview and Level Annotations

Branches:
Dungeon (10/15)            Temple (0/1) D:7             Orc (0/2) D:10
  Sewer (visited)         Ossuary (visited)
   Lair: D:8-11

Altars:
Cheibriados
Okawaru
Ru
Sif Muna
Uskayaw
Wu Jian

Shops:
D:3 *   D:5 (


Innate Abilities, Weirdness & Mutations

You have large cloven feet.
When hurt, damage is shared between your health and your magic reserves.
You regenerate magic rapidly.
When seriously injured, your blood forms armour. (AC +6)


Message History

You kill the orc wizard!
The Council accepts your kill.
A hound comes into view.
The hound moves out of view.
Throw: 5 darts (curare)
Press: ? - help, Shift-Dir - straight line, f - two-headed ogre
Aim: a two-headed ogre, wielding two +0 giant clubs (moderately wounded, extremely poisoned, 74% to hit)
You throw a curare-tipped dart.
The curare-tipped dart hits the two-headed ogre.
The two-headed ogre looks as sick as possible!
The two-headed ogre convulses.
The two-headed ogre seems to slow down.
The two-headed ogre is moderately wounded.
The hound looks as sick as possible!
A hound comes into view.
You barely miss the two-headed ogre.
The two-headed ogre is heavily wounded.
The hound is poisoned.
Your toxic aura wanes.
You hit the two-headed ogre. You burn the two-headed ogre.
Your kick misses the two-headed ogre.
The two-headed ogre is severely wounded.
You kill the hound!
The Council accepts your kill.
The two-headed ogre hits you with a +0 giant club!
* * * LOW HITPOINT WARNING * * *
The two-headed ogre hits you with a +0 giant club.
* * * LOW HITPOINT WARNING * * *
The orc warrior hits you with a +0 flail!
* * * LOW HITPOINT WARNING * * *
You hit the two-headed ogre but do no damage.
You kick the two-headed ogre.
The two-headed ogre is severely wounded.
You hit the two-headed ogre but do no damage.
The two-headed ogre is severely wounded.
The orc warrior closely misses you.
You hit the two-headed ogre.
The two-headed ogre is almost dead.
The two-headed ogre hits you with a +0 giant club!
You die...

...# #...............
....##..... .........
#...#..... ...g....
...>.).) ......[
.....# #...... ##)..#
#...... # #.h..##
##..###. ##.#.o...##
##....##.
#...@O(...###...#....
#...............#..#.
#...#.....#####..####
#######...# ##..# #
##### #...## #.....
#..... ..... ##.


You could see a two-headed ogre (extremely poisoned, slow), an orc warrior
(poisoned) and a hound (poisoned).

Vanquished Creatures
  Lodul (D:10)
  A cyclops (D:9)
  2 kobold demonologists (D:9)
  Grinder (D:5)
  2 wyverns
  A yak (D:8)
  2 steam dragons
  4 vampire mosquitoes
  A water moccasin (D:4)
  3 orc warriors
  5 ice beasts
  4 black bears
  2 sky beasts (D:7)
  8 ogres
  A centaur (D:6)
  A phantom (D:7)
  10 kobold brigands
  5 bullfrogs
  3 scorpions
  8 wights
  16 killer bees
  A centaur zombie (Ossuary)
  A human zombie (Ossuary)
  A jelly (D:6)
  2 sleepcaps
  4 orc priests
  7 hounds
  Crazy Yiuf (D:3)
  Natasha (twice) (D:2)
  4 iguanas
  9 orc wizards
  2 mummies (Ossuary)
  11 gnolls
  6 adders
  A shadow imp (D:6)
  5 white imps
  2 ufetubi
  2 adder zombies (Ossuary)
  7 worms
  2 dart slugs
  22 orcs
  8 ball pythons
  7 bats
  10 endoplasms
  3 giant cockroaches
  10 goblins
  7 hobgoblins
  4 jackals (D:2)
  22 kobolds
  2 quokkas
  A frilled lizard (D:3)
  4 goblin zombies (Ossuary)
  4 hobgoblin zombies (Ossuary)
  A jackal zombie (Ossuary)
  10 kobold zombies (Ossuary)
  13 orc zombies (Ossuary)
  8 rats
  A rat zombie (Ossuary)
288 creatures vanquished.

Vanquished Creatures (collateral kills)
  5 yaks (D:8)
5 creatures vanquished.

Grand Total: 293 creatures vanquished

Notes
Turn   | Place    | Note
-------+----------+-------------------------------------------
     0 | D:1      | Hubris850 the Demonspawn Gladiator began the quest for the
                  | Orb.
     0 | D:1      | Reached XP level 1. HP: 16/16 MP: 1/1
   199 | D:1      | Reached skill level 1 in Stealth
   199 | D:1      | Gained mutation: You have large cloven feet. [demonic
                  | ancestry]
   199 | D:1      | Reached XP level 2. HP: 10/22 MP: 2/2
   278 | D:1      | Reached skill level 3 in Staves
   545 | D:1      | Gained mutation: When seriously injured, your blood forms
                  | armour. (AC +6) [demonic ancestry]
   545 | D:1      | Reached XP level 3. HP: 27/27 MP: 3/3
  1193 | D:2      | Noticed Natasha
  1200 | D:2      | Killed Natasha
  1201 | D:2      | Reached skill level 1 in Armour
  1201 | D:2      | Reached XP level 4. HP: 29/33 MP: 4/4
  1325 | D:2      | Noticed Natasha
  1329 | D:2      | Killed Natasha
  1602 | D:3      | Found a snail-covered altar of Cheibriados.
  1604 | D:3      | Found an iron altar of Okawaru.
  1715 | D:3      | Found a faded altar of an unknown god.
  1795 | D:3      | Found a runed translucent door.
  1796 | D:3      | Noticed Crazy Yiuf
  1806 | D:3      | Killed Crazy Yiuf
  1807 | D:3      | Reached XP level 5. HP: 24/38 MP: 0/5
  2217 | D:3      | Found Fycoklan's Assorted Antiques.
  2561 | D:4      | Gained mutation: You regenerate magic rapidly. [demonic
                  | ancestry]
  2561 | D:4      | Reached XP level 6. HP: 44/44 MP: 6/6
  2597 | D:4      | Reached skill level 4 in Staves
  2737 | D:4      | Reached XP level 7. HP: 12/50 MP: 7/7
  2884 | D:4      | Reached skill level 5 in Staves
  3155 | D:5      | Entered Level 5 of the Dungeon
  3190 | D:5      | Reached skill level 6 in Staves
  3224 | D:5      | Found an ornate altar of the Wu Jian Council.
  3232 | D:5      | Became a worshipper of the Wu Jian Council
  3383 | D:5      | Noticed Grinder
  3387 | D:5      | Killed Grinder
  3388 | D:5      | Reached skill level 7 in Staves
  3388 | D:5      | Reached XP level 8. HP: 52/56 MP: 8/8
  3410 | D:5      | Found Zoiq's Firing Range.
  3521 | D:5      | Found a glowing drain.
  3544 | Sewer    | Entered a sewer
  3615 | Sewer    | Reached * piety under Wu Jian
  3687 | Sewer    | Reached skill level 8 in Staves
  4333 | D:5      | Learned a level 2 spell: Poisonous Vapours
  4570 | D:5      | Found a hide-covered altar of Uskayaw.
  4773 | D:5      | Found a sacrificial altar of Ru.
  4849 | D:6      | Reached skill level 1 in Spellcasting
  4849 | D:6      | Reached skill level 1 in Poison Magic
  5170 | D:6      | Reached XP level 9. HP: 55/61 MP: 12/12
  5234 | D:6      | Reached skill level 9 in Staves
  5301 | D:6      | Reached ** piety under Wu Jian
  5607 | D:7      | Found a sand-covered staircase.
  5615 | Ossuary  | Entered an ossuary
  5769 | Ossuary  | Reached *** piety under Wu Jian
  6228 | D:7      | Reached skill level 5 in Poison Magic
  6342 | D:7      | Found a staircase to the Ecumenical Temple.
  6475 | D:8      | Learned a level 4 spell: Olgreb's Toxic Radiance
  6581 | D:8      | Reached skill level 10 in Staves
  6642 | D:8      | Reached XP level 10. HP: 44/67 MP: 17/17
  6781 | D:8      | Reached skill level 5 in Spellcasting
  6791 | D:8      | Found a shimmering blue altar of Sif Muna.
  7021 | D:8      | Learned a level 3 spell: Frozen Ramparts
  7060 | D:8      | Reached **** piety under Wu Jian
  7061 | D:8      | Reached skill level 1 in Ice Magic
  7838 | D:3      | Bought a thin glowing staff for 336 gold pieces
  8008 | D:9      | Noticed an orange demon
  8109 | D:9      | Noticed a cyclops
  8123 | D:9      | Killed a cyclops
  8319 | D:9      | Reached skill level 11 in Staves
  8768 | D:10     | Entered Level 10 of the Dungeon
  8911 | D:9      | Gained mutation: When hurt, damage is shared between your
                  | health and your magic reserves. [demonic ancestry]
  8911 | D:9      | Reached XP level 11. HP: 40/69 MP: 21/21
  9026 | D:10     | Found a staircase to the Orcish Mines.
  9134 | D:10     | Reached ***** piety under Wu Jian
  9201 | D:10     | Noticed Lodul
  9221 | D:10     | Killed Lodul
  9248 | D:10     | Noticed a two-headed ogre
  9296 | D:10     | Mangled by a two-headed ogre

Illustrated notes

Levels and vault maps discovered:
D:1:      dpeg_arrival_rooms_a, layout_loops_ring
D:2:      layout_basic, serial_curves, eino_curves_01, eino_curves_04,
          uniq_natasha
D:3:      layout_loops_ring, chequers_temple_overflow_statue_of_worship,
          serial_shops, nicolae_shop_hallway_plus,
          shapermc_ecumenical_altar_mp_highgroup, roderic_roman_lattice,
          uniq_crazy_yiuf_cottage
D:4:      layout_rooms
D:5:      layout_loops_corners, nicolae_overflow_quartered_altars,
          cheibrodos_sewer_entry_bend, nicolae_shop_firing_range, uniq_grinder
D:6:      layout_rooms, nicolae_overflow_hidden_temple, glass_columns_a,
          st_stairs_1
D:7:      layout_rooms, minmay_temple_entry_hall, enter_ossuary_1,
          minmay_manual_mail
D:8:      layout_gridville, mainiacjoe_overflow_small_starburst,
          minmay_misc_feat_pillars
D:9:      layout_loops_cross, hellmonk_bongcloud_opening, serial_park_tiny_pond
D:10:     layout_cave_pools, lair_entry_dummy, orc_0_dummy, serial_gnoll_camp,
          gnoll_camp_mini_basic, gnoll_camp_mini_doghouse,
          gnoll_camp_mini_doghouse, gnoll_camp_medium_01, gnoll_camp_medium_02,
          uniq_lodul

Skill      XL: |  1  2  3  4  5  6  7  8  9 10 11 |
---------------+----------------------------------+-----
Stealth        | 1 |  1.3
Staves         | 3 4 7 8 10 11 | 11.3
Dodging        | 3 4 |  4.0
Armour         | 1 2 4 |  4.0
Spellcasting   | 2 4 7 |  7.4
Poison Magic   | 2 5 6 |  6.1
Ice Magic      | 3 4 |  4.6
Fighting       | |  2.0
Throwing       | |  1.7

Action                     |  1- 3 |  4- 6 |  7- 9 | 10-12 || total
---------------------------+-------+-------+-------+-------++-------
  Melee: Quarterstaff      |    31 |    69 |   403 |   222 ||   725
         Short sword       |    67 |    51 |       |       ||   118
         Kick              |    17 |    26 |    95 |    48 ||   186
         Punch             |     1 |       |       |       ||     1
  Throw: Javelin           |     1 |       |     4 |     2 ||     7
         Throwing net      |     1 |       |       |       ||     1
         Dart              |       |       |    11 |    11 ||    22
   Cast: Olgreb's Toxic Ra |       |       |       |    18 ||    18
Ability: Lunge             |       |       |    30 |    16 ||    46
         Whirlwind         |       |       |    13 |    26 ||    39
         Wall Jump         |       |       |     1 |     5 ||     6
    Use: Potion            |       |     3 |     2 |     1 ||     6
         Scroll            |       |       |     9 |     2 ||    11
   Stab: Paralysed         |       |       |     1 |     1 ||     2
         Distracted        |       |       |     1 |       ||     1
 Armour: Leather armour    |     7 |       |       |       ||     7
         Chain mail        |    42 |    72 |   165 |       ||   279
         Skin              |       |     3 |       |       ||     3
         Steam dragon scal |       |       |     7 |    56 ||    63
  Dodge: Dodged            |    37 |    47 |   112 |   160 ||   356

Table legend: (Time is in decaauts)
 A = Elapsed time spent in this place.
 B = Non-inter-level travel time spent in this place.
 C = Inter-level travel time spent in this place.
 D = Time resting spent in this place.
 E = Time spent auto-exploring this place.
 F = Levels seen in this place.
 G = Mean time per level.
                   A        B        C        D        E       F      G
               +--------+--------+--------+--------+--------+-----+--------+
         Total |   9341 |   8823 |    518 |    805 |   5515 |  12 |  778.4 |
       Dungeon |   8597 |   8079 |    518 |    735 |   5282 |  10 |  859.7 |
         Sewer |    513 |    513 |      0 |     70 |    232 |   1 |  513.0 |
       Ossuary |    230 |    230 |      0 |      0 |      0 |   1 |  230.0 |
               +--------+--------+--------+--------+--------+-----+--------+

Top non-repeatable levels by time:
     D:5: 1248 daAuts
     D:9: 1224 daAuts
     D:8: 1001 daAuts
     D:3: 999 daAuts
     D:4: 838 daAuts
     D:1: 829 daAuts
     D:6: 730 daAuts
     D:7: 725 daAuts
     D:2: 632 daAuts
   Sewer: 513 daAuts
    D:10: 367 daAuts
 Ossuary: 230 daAuts
